 Dungeon Crawl Stone Soup version 0.25.1-2-g60ff931df9 (webtiles) character file.

Game seed: 2424242402816794925

30 MrRokkomies the Slasher (level 3, -2/29 HPs)
             Began as a Vampire Chaos Knight on Aug 4, 2020.
             Was a Plaything of Xom.
             Killed by nerve-wracking pain
             ... invoked by a shadow imp
             ... summoned by Xom
              (3 damage)
             ... on level 1 of the Dungeon.
             The game lasted 00:02:15 (20895 turns).

MrRokkomies the Slasher (Vampire Chaos Knight)     Turns: 20895, Time: 00:02:17

Health: -2/29      AC: 14    Str: 11 (12) XL:     3   Next: 3%
Magic:  3/3        EV:  5    Int: 11 (12) God:    Xom [.*....]
Gold:   38         SH:  0    Dex: 12 (13) Spells: 2/2 levels left

rFire    + + .     SeeInvis +   a - +0 falchion (chaos)
rCold    + . .     Gourm    .   (no shield)
rNeg     . . .     Faith    .   n - +4 chain mail {rF+}
rPois    .         Spirit   .   (helmet restricted)
rElec    .         Reflect  .   (no cloak)
rCorr    .         Harm     .   (no gloves)
MR       .....                  (no boots)
Stlth    ..........             (no amulet)
HPRegen  0.29/turn              (no ring)
MPRegen  0.08/turn              (no ring)

@: regenerating quickly
A: no food, antennae 2, fangs 3, talons 1, thin metallic scales 1, see
invisible, cold resistance 1, deterioration 1, dopey 1, fire resistance 1,
unbreathing, evolution 1, MP-powered wands
a: Exsanguinate, Renounce Religion


You were on level 1 of the Dungeon.
You worshipped Xom.
You were a plaything of Xom.
You were alive.

You visited 1 branch of the dungeon, and saw 1 of its levels.

You collected 38 gold pieces.

Inventory:

Hand Weapons
 a - a +0 falchion of chaos (weapon)
Missiles
 f - 8 curare-tipped darts (quivered)
Armour
 b - a +2 leather armour
 i - a +0 ring mail
 n - a +4 chain mail of fire resistance (worn)
Scrolls
 e - 2 scrolls of enchant weapon {unknown}
 j - a scroll of remove curse {unknown}
 k - a scroll of teleportation {unknown}
 m - a scroll of identify {unknown}
Potions
 c - a potion of stabbing {unknown}
 d - a potion of curing {unknown}
 g - 2 potions of heal wounds {unknown}
 h - a potion of brilliance {unknown}
 l - a potion of flight {unknown}


   Skills:
 + Level 3.0 Fighting
 + Level 3.5 Long Blades
 + Level 1.0 Armour
 + Level 2.7 Dodging


You had 2 spell levels left.
You didn't know any spells.
Your spell library was empty.

Dungeon Overview and Level Annotations

Branches:
Dungeon (1/15)

Altars:
Xom


Innate Abilities, Weirdness & Mutations

You do not eat.
Your natural rate of healing is unusually fast.
You have razor-sharp teeth.
You have supernaturally acute eyesight. (SInv)
You can survive without breathing.
You have a pair of antennae on your head.
You have sharp toenails.
You are partially covered in thin metallic scales. (AC +2)
Your flesh is cold resistant. (rC+)
Your body sometimes deteriorates upon taking damage.
You are dopey. (Int -2)
Your flesh is heat resistant. (rF+)
You evolve.
You expend magic power (3 MP) to strengthen your wands.


Message History

Press < or > to pray at altars.
Unknown command.
Press < or > to pray at altars.
You barely miss the shadow imp. Your kick misses the shadow imp.
The shadow imp hits you but does no damage.
You hit the shadow imp.
The shadow imp is moving more slowly.
You claw the shadow imp, but do no damage.
The shadow imp is lightly wounded.
The shadow imp gestures at you. Pain shoots through your body!
* * * LOW HITPOINT WARNING * * *
Xom is interested.
Your body deteriorates!
You feel dopey.
You hit the shadow imp but do no damage.
You claw the shadow imp.
The shadow imp is moderately wounded.
The shadow imp gestures at you. Pain shoots through your body!
You die... "It was about time."

#...#........# #.###..#
#.....######## #...##.###
#...############## ###......##
#................#########....
#...############....######..#.
#...# ####.....###... #...#
##########....>......# #####
#..._.b....#########..
#..§§@(b...###########
#...§5................
#_._§§_....###########
#....b.....# ############


You could see a shadow imp (summoned, petrifying).

Vanquished Creatures
  An ooze (D:1)
  A leopard gecko (D:1)
  2 bats (D:1)
  6 giant cockroaches (D:1)
  6 goblins (D:1)
  A hobgoblin (D:1)
  A frilled lizard (D:1)
  3 rats (D:1)
21 creatures vanquished.

Notes
Turn   | Place    | Note
-------+----------+-------------------------------------------
     0 | D:1      | MrRokkomies the Vampire Chaos Knight began the quest for
                  | the Orb.
     0 | D:1      | Reached XP level 1. HP: 17/17 MP: 1/1
    97 | D:1      | Reached skill level 1 in Armour
   121 | D:1      | Reached XP level 2. HP: 23/23 MP: 2/2
   293 | D:1      | XOM: noise
   352 | D:1      | XOM: 3-stop teleportation journey
   435 | D:1      | Reached XP level 3. HP: 29/29 MP: 3/3
   772 | D:1      | XOM: silly message
  1234 | D:1      | XOM is BORED!
  1876 | D:1      | XOM: scenery: create altars
  2390 | D:1      | XOM: cloud trail
  3522 | D:1      | XOM: silly message
  4038 | D:1      | XOM: divination: detect creatures
  4645 | D:1      | XOM: silly message
  5229 | D:1      | XOM: divination: magic mapping
  5244 | D:1      | XOM: silly message
  5702 | D:1      | XOM: silly message
  5936 | D:1      | XOM: silly message
  6116 | D:1      | XOM: divination: detect items
  6911 | D:1      | XOM is BORED!
  7673 | D:1      | XOM: cloud trail
  7974 | D:1      | XOM: scenery: create altars
  8195 | D:1      | XOM: summons 1 hostile demon
  8238 | D:1      | XOM: give mutations
  8238 | D:1      | Gained mutation: You are partially covered in thin metallic
                  | scales. (AC +2) [Xom's grace]
  8238 | D:1      | Gained mutation: You evolve. [Xom's grace]
  8241 | D:1      | XOM: torment (16/29 hp)
  8690 | D:1      | XOM: give mutations
  8690 | D:1      | Gained mutation: You are clumsy. (Dex -2) [Xom's mischief]
  8690 | D:1      | Gained mutation: Your body sometimes deteriorates upon
                  | taking damage. [Xom's mischief]
  8779 | D:1      | Gained mutation: You are partially covered in iridescent
                  | scales. (AC +2) [evolution]
  8824 | D:1      | XOM: noise
 10411 | D:1      | XOM: noise
 10545 | D:1      | XOM: silly message
 10659 | D:1      | XOM: noise
 10878 | D:1      | XOM: give mutations
 10878 | D:1      | Gained mutation: You are partially covered in molten
                  | scales. (AC +2) [Xom's mischief]
 10878 | D:1      | Lost mutation: You are clumsy. (Dex -2) [Xom's mischief]
 10878 | D:1      | Gained mutation: You are frail. (-10% HP) [Xom's mischief]
 11646 | D:1      | XOM: give mutations
 11646 | D:1      | Gained mutation: You possess an exceptional clarity of
                  | mind. [Xom's mischief]
 11646 | D:1      | Lost mutation: Your body sometimes deteriorates upon taking
                  | damage. [Xom's mischief]
 11646 | D:1      | Lost mutation: You are partially covered in iridescent
                  | scales. (AC +2) [Xom's mischief]
 12301 | D:1      | XOM is BORED!
 12301 | D:1      | XOM: give mutations
 12301 | D:1      | Lost mutation: You are partially covered in molten scales.
                  | (AC +2) [Xom's mischief]
 12301 | D:1      | Gained mutation: You have sharp toenails. [Xom's mischief]
 12908 | D:1      | XOM: noise
 13653 | D:1      | XOM: give mutations
 13653 | D:1      | Lost mutation: You possess an exceptional clarity of mind.
                  | [Xom's mischief]
 13653 | D:1      | Gained mutation: Your body sometimes deteriorates upon
                  | taking damage. [Xom's mischief]
 13653 | D:1      | Lost mutation: You are frail. (-10% HP) [Xom's mischief]
 14011 | D:1      | XOM: give mutations
 14011 | D:1      | Gained mutation: Your body often deteriorates upon taking
                  | damage. [Xom's mischief]
 14011 | D:1      | Gained mutation: You are dopey. (Int -2) [Xom's mischief]
 15233 | D:1      | XOM: summons 3 hostile shadow creatures
 15467 | D:1      | XOM: give mutation
 15467 | D:1      | Lost mutation: Your body often deteriorates upon taking
                  | damage. [Xom's mischief]
 16688 | D:1      | XOM: silly message
 16864 | D:1      | XOM: noise
 16922 | D:1      | XOM: silly message
 17377 | D:1      | XOM is BORED!
 17544 | D:1      | XOM: cloud trail
 17592 | D:1      | XOM: god gift: runed chain mail {god gift}
 18096 | D:1      | XOM: give mutation
 18096 | D:1      | Gained mutation: Your flesh is heat resistant. (rF+) [Xom's
                  | grace]
 18255 | D:1      | XOM: give mutations
 18255 | D:1      | Gained mutation: You have a pair of small antennae on your
                  | head. [Xom's grace]
 18255 | D:1      | Gained mutation: You expend magic power (3 MP) to
                  | strengthen your wands. [Xom's grace]
 18255 | D:1      | Gained mutation: Your flesh is cold resistant. (rC+) [Xom's
                  | grace]
 18255 | D:1      | Gained mutation: You have a pair of antennae on your head.
                  | [Xom's grace]
 18451 | D:1      | XOM: god gift: 20 stones
 18479 | D:1      | XOM: scenery: create altars
 18516 | D:1      | XOM: silly message
 18610 | D:1      | XOM: silly message
 19041 | D:1      | XOM: divination: detect items
 19516 | D:1      | XOM: cloud trail
 19936 | D:1      | XOM: silly message
 20345 | D:1      | XOM: torment (16/29 hp)
 20536 | D:1      | XOM: stat loss: -1 Dex (12/13)
 20890 | D:1      | XOM: summons 2 hostile demons
 20892 | D:1      | XOM: butterfly on damage
 20894 | D:1      | HP: 1/29 [shadow imp/nerve-wracking pain[Xom] (11)]
 20895 | D:1      | Killed from afar by a shadow imp

Illustrated notes

Levels and vault maps discovered:
D:1:      lightli_arrival_chessboard, layout_rooms

Skill      XL: |  1  2 |
---------------+-------+-----
Armour         | 1 |  1.0
Fighting       | 3 |  3.0
Long Blades    | |  3.5
Dodging        | |  2.7

Action                   || total
-------------------------++-------
Melee: Falchion          ||    61
       Bite              ||     4
       Kick              ||     2
  Use: Scroll            ||     1
Armor: Leather armour    ||     8
       Ring mail         ||    10
       Chain mail        ||     1
Dodge: Dodged            ||    37
       Rpst.: Falchion   ||    13
